 Dungeon Crawl Stone Soup version 0.26.0-18-gc5c842f807 (webtiles) character file.

Game seed: 18073577916765994850

89 leNuup the Sneak (level 4, 0/23 HPs)
             Began as a Spriggan Brigand on Jan 23, 2021.
             Killed from afar by an orc wizard (9 damage)
             ... with a magic dart
             ... on level 3 of the Dungeon.
             The game lasted 00:14:32 (2951 turns).

leNuup the Sneak (Spriggan Brigand)                 Turns: 2951, Time: 00:14:32

Health: 0/23       AC:  4    Str:  8    XL:     4   Next: 31%
Magic:  5/5        EV: 17    Int: 12    God:
Gold:   62         SH:  0    Dex: 17    Spells: 3/3 levels left

rFire    . . .     SeeInvis +   a - +2 dagger
rCold    . . .     Faith    .   (shield restricted)
rNeg     . . .     Spirit   .   y - +0 robe
rPois    .         Reflect  .   (helmet restricted)
rElec    .         Harm     .   w - +1 cloak
rCorr    .         Rampage  .   (gloves unavailable)
Will     .....                  (boots unavailable)
Stlth    ++++......             (no amulet)
HPRegen  0.07/turn              (no ring)
MPRegen  0.09/turn              (no ring)

@: slowed, quick
A: very small, unfitting armour, see invisible, speed 3
a: no special abilities


You were on level 3 of the Dungeon.
You visited 1 branch of the dungeon, and saw 3 of its levels.

You collected 62 gold pieces.

Inventory:

Hand Weapons
 a - a +2 dagger (weapon)
 b - a +0 hunting sling
 j - a +0 short sword
Missiles
 d - 4 poisoned darts
 e - 2 curare-tipped darts
 p - 37 bolts
 s - 4 boomerangs (quivered)
 t - 11 sling bullets
 z - 23 stones
Armour
 c - a +0 cloak
 w - a +1 cloak (worn)
 y - a +0 robe (worn)
Scrolls
 f - a scroll of amnesia {unknown}
 r - a scroll of fear {unknown}
 u - 3 scrolls of blinking {unknown}
 v - a scroll of teleportation {unknown}
 x - 3 scrolls of identify {unknown}
Potions
 g - a potion of attraction {unknown}
 h - a potion of magic {unknown}
 i - a potion of degeneration {unknown}
 k - 2 potions of flight {unknown}
 l - 3 potions of curing {unknown}
 m - a potion of berserk rage {unknown}
 n - 4 potions of heal wounds {unknown}
 o - a potion of lignification {unknown}
 q - a potion of invisibility


   Skills:
 + Level 1.9 Fighting
 + Level 3.4 Short Blades
 + Level 2.4 Throwing
 + Level 1.7 Dodging
 + Level 7.2 Stealth


You had 3 spell levels left.
You didn't know any spells.
Your spell library was empty.

Dungeon Overview and Level Annotations

Branches:
Dungeon (3/15)

Altars:


Innate Abilities, Weirdness & Mutations

You are very small and have problems with some larger weapons.
You are too small for most types of armour.
You have supernaturally acute eyesight. (SInv)
You cover ground extremely quickly.


Message History

You hit the orc wizard.
The orc wizard is severely wounded.
The orc wizard hits you but does no damage.
The orc wizard barely misses you.
You closely miss the orc wizard.
The orc wizard is severely wounded.
The orc wizard barely misses you.
The orc wizard hits you but does no damage.
You hit the orc wizard.
The orc wizard is almost dead.
The orc wizard mumbles some strange words.
The orc wizard blinks!
Throw: 4 boomerangs
Press: ? - help, Q - select action, (/) - cycle Shift-Dir - straight line, f/p - orc wizard
Aim: an orc wizard, wielding a +0 dagger and wearing a +0 robe (almost dead, fast)
You throw a boomerang. The boomerang hits the orc wizard.
The orc wizard is almost dead.
The orc wizard casts a spell at you. The magic dart hits you!
You die...

#### ...
######.####
..........#
.(o....##.#
....... #.#
..?....
#.#####
...w...
#.@.o.#
.......
#####.#
####### #.#
#.# #.# #.#
#.####
#....#
#####..#.#


You could see an orc wizard (fast).

Vanquished Creatures
  2 adders (D:2)
  2 worms (D:2)
  A dart slug (D:1)
  3 leopard geckos
  An orc (D:3)
  2 bats
  5 giant cockroaches
  13 hobgoblins
  6 jackals
  3 frilled lizards
  6 goblins
  4 kobolds
  4 rats
52 creatures vanquished.

Notes
Turn   | Place    | Note
-------+----------+-------------------------------------------
     0 | D:1      | leNuup the Spriggan Brigand began the quest for the Orb.
     0 | D:1      | Reached XP level 1. HP: 10/10 MP: 2/2
   123 | D:1      | Reached skill level 6 in Stealth
   567 | D:1      | Reached XP level 2. HP: 15/15 MP: 3/3
   890 | D:1      | Reached XP level 3. HP: 15/18 MP: 4/4
  1646 | D:2      | Reached skill level 7 in Stealth
  1808 | D:2      | Reached XP level 4. HP: 19/23 MP: 5/5
  1897 | D:2      | Found a faded altar of an unknown god.
  2951 | D:3      | Killed from afar by an orc wizard

Illustrated notes

Levels and vault maps discovered:
D:1:      dpeg_arrival_connections, layout_basic
D:2:      layout_loops_ring, chequers_ecumenical_altar_simple
D:3:      layout_basic, serial_rivers, chequers_serial_rivers_micro_b,
          chequers_serial_rivers_micro_c, chequers_serial_rivers_small_a,
          chequers_serial_rivers_marsh, gup_sewer_entry_glass,
          minmay_tree_intersection

Skill      XL: |  1  2  3 |
---------------+----------+-----
Stealth        | 6 7 |  7.2
Short Blades   | 3 |  3.4
Fighting       | |  1.9
Throwing       | |  2.4
Dodging        | |  1.7

Action                   |  1- 3 |  4- 6 || total
-------------------------+-------+-------++-------
Melee: Dagger            |    57 |    62 ||   119
       Short sword       |    35 |       ||    35
 Fire: Hunting sling     |       |     2 ||     2
Throw: Dart              |    14 |       ||    14
       Boomerang         |     4 |    13 ||    17
 Stab: Sleeping          |     9 |     2 ||    11
       Distracted        |     2 |     1 ||     3
Armor: Robe              |     6 |     4 ||    10
Dodge: Dodged            |    41 |    30 ||    71
